 Dungeon Crawl Stone Soup version 0.18.1-5-g4a78601 (webtiles) character file.

308 UtilitaPro the Shield-Bearer (level 6, 0/53 HPs)
             Began as a Minotaur Fighter on May 12, 2016.
             Slain by a worker ant (2 damage)
             ... on level 4 of the Dungeon.
             The game lasted 00:13:23 (2117 turns).

UtilitaPro the Shield-Bearer (Minotaur Fighter)     Turns: 2117, Time: 00:13:24

Health: 0/53       AC:  7    Str: 23    XL:     6   Next: 17%
Magic:  5/5        EV:  8    Int:  5    God:
Gold:   132        SH: 10    Dex:  9    Spells: 0 memorised, 5 levels left

rFire  . . .     SeeInvis .     a - +0 war axe
rCold  . . .     Gourm    .     b - +0 scale mail
rNeg   . . .     Faith    .     c - +0 shield
rPois  .         Spirit   .     (helmet restricted)
rElec  .         Dismiss  .     (no cloak)
rCorr  .         Reflect  .     (no gloves)
SustAt .         Harm     .     (no boots)
MR     .....                    (no amulet)
Stlth  ..........               (no ring)
                                (no ring)

@: not resistant to hostile enchantments, extremely unstealthy
A: retaliatory headbutt, horns 2
a: no special abilities


You were on level 4 of the Dungeon.
You were very hungry.

You visited 1 branch of the dungeon, and saw 4 of its levels.

You collected 132 gold pieces.

Inventory:

Hand Weapons
 a - a +0 war axe (weapon)
Armour
 b - a +0 scale mail (worn)
 c - a +0 shield (worn)
Wands
 q - a wand of iceblast (11/15)
Scrolls
 h - 3 scrolls of remove curse
 j - 2 scrolls of enchant weapon {unknown}
 l - a scroll of magic mapping {unknown}
 n - a scroll of immolation {unknown}
 o - a scroll of noise {unknown}
 p - a scroll of identify {unknown}
 r - a scroll of teleportation {unknown}
 s - a scroll of fear {unknown}
Potions
 d - a potion of might
 e - a potion of curing
 g - a potion of cancellation {unknown}
 i - 3 potions of agility {unknown}
 k - a potion of mutation {unknown}
 u - a potion of flight {unknown}
Comestibles
 f - a bread ration
 m - 2 meat rations
 t - a beef jerky


   Skills:
 + Level 4.7 Fighting
 + Level 4.1 Axes
 + Level 4.6 Armour
 + Level 2.1 Dodging
 + Level 5.7 Shields


You had 5 spell levels left.
You didn't know any spells.

Dungeon Overview and Level Annotations

Branches:
Dungeon (4/15)
 Temple: D:4-7

Altars:
Ashenzari
Pakellas


Innate Abilities, Weirdness & Mutations

You reflexively headbutt those who attack you in melee.
You have a pair of horns on your head.


Message History

The worker ant is moderately wounded.
The worker ant bites you but does no damage.
The orc priest casts a cantrip, but nothing happens.
The worker ant bites you but does no damage.
You hit the orc priest.
You headbutt the orc priest, but do no damage.
The orc priest is moderately wounded.
You hit the worker ant.
The worker ant is heavily wounded.
You block the orc priest's attack. The worker ant bites you.
* * * LOW HITPOINT WARNING * * *
The orc priest invokes the aid of Beogh against you.
Pain shoots through your body!
* * * LOW HITPOINT WARNING * * *
You slash the orc priest!
The orc priest is severely wounded.
You barely miss the worker ant.
The worker ant is heavily wounded.
The worker ant bites you.
You die...

........ .......#
#.....## ##.....'
#......# #......#
.
#......#######...
+...).@....?.....
##...oa..<.......
#.....#######...
........#
...$......
...........
.........##
..##.....#


You could see a worker ant and an orc priest.

Vanquished Creatures
  A necrophage (D:3)
  Ijyb (D:2)
  5 gnolls (D:2)
  5 adders
  An ooze (D:1)
  3 worms (D:3)
  2 dart slugs
  2 giant geckos
  8 orcs
  2 giant cockroaches
  11 goblins
  15 hobgoblins
  2 jackals (D:2)
  A quokka (D:3)
  2 ball pythons
  3 bats
  2 giant newts (D:2)
  8 kobolds
  8 rats
82 creatures vanquished.

Notes
Turn   | Place    | Note
--------------------------------------------------------------
     0 | D:1      | UtilitaPro the Minotaur Fighter began the quest for the Orb.
     0 | D:1      | Reached XP level 1. HP: 19/19 MP: 0/0
   137 | D:1      | Reached XP level 2. HP: 26/27 MP: 1/1
   169 | D:1      | Reached skill level 4 in Shields
   652 | D:1      | Reached XP level 3. HP: 33/33 MP: 2/2
   891 | D:2      | Reached XP level 4. HP: 40/40 MP: 3/3
   947 | D:2      | Reached skill level 1 in Dodging
  1201 | D:2      | Reached skill level 5 in Shields
  1222 | D:2      | Reached XP level 5. HP: 37/47 MP: 4/4
  1347 | D:2      | Noticed Ijyb
  1365 | D:2      | Killed Ijyb
  1431 | D:3      | Found a shattered altar of Ashenzari.
  1531 | D:3      | Noticed a necrophage
  1542 | D:3      | Killed a necrophage
  1542 | D:3      | Reached XP level 6. HP: 44/53 MP: 5/5
  1631 | D:3      | Found a faded altar to an unknown god.
  1978 | D:3      | Found an oddly glowing altar of Pakellas.
  2111 | D:4      | HP: 1/53 [orc priest/divine providence (12)]
  2116 | D:4      | HP: 2/53 [orc priest/nerve-wracking pain (10)]
  2117 | D:4      | Slain by a worker ant

Skill      XL: |  1  2  3  4  5  6 |
---------------+-------------------+-----
Shields        | 4 5 |  5.7
Armour         | 4 |  4.6
Axes           | 3 4 |  4.1
Fighting       | 4 |  4.7
Dodging        | 1 2 |  2.1

Action                   |  1- 3 |  4- 6 || total
-------------------------+-------+-------++-------
Melee: War axe           |    81 |   122 ||   203
       Headbutt          |    11 |    13 ||    24
  Use: Scroll            |       |     1 ||     1
       Potion            |       |     2 ||     2
  Eat: Chunk             |       |     3 ||     3
Armor: Scale mail        |    32 |    60 ||    92
Dodge: Dodged            |    25 |    48 ||    73
Block: Shield            |    61 |    69 ||   130
